Map: Arctic Dream LE

Players

coni - Winner!

  • Race: Zerg Zerg
  • League: Diamond
  • Spawn Location: 5:00

Thénosphère - Winner!

  • Race: Protoss Protoss
  • Spawn Location: 6:00

qqq

  • Race: Zerg Zerg
  • League: Platinum
  • Spawn Location: 11:00

Massa

  • Race: Terran Terran
  • League: Platinum
  • Spawn Location: 12:00

VOD

Have the link to the VOD?

Description

Time

  • Played on: Dec. 5, 2020, 8:46 a.m.
  • Length: 10:43
Show
View Real Time Build Order
Export as new Build Order

coni Zerg - Winner!

Build Orders: Hatch First 

Get SALT Encoding   

  12  0:00  Drone  
  13  0:08  Drone  
  14  0:16  Overlord  
  14  0:35  Drone x3  
  17  0:53  Hatchery, Drone  
  17  0:58  Drone  
  17  1:02  Extractor  
  17  1:13  Spawning Pool  
  17  1:15  Drone  
  17  1:21  Drone  
  18  1:30  Drone  
  19  1:40  Overlord  
  19  1:52  Drone  
  20  1:59  Queen  
  22  2:03  Metabolic Boost  
  22  2:05  Queen  
  22  2:06  Drone x2  
  26  2:11  Drone  
  27  2:16  Drone  
  27  2:22  Drone  
  29  2:27  Drone  
  30  2:33  Overlord  
  30  2:38  Drone  
  30  2:44  Drone  
  32  2:49  Drone  
  33  2:57  Drone  
  34  3:00  Hatchery  
  34  3:01  Drone  
  35  3:05  Drone  
  35  3:06  Drone  
  35  3:07  Drone x2  
  35  3:09  Queen  
  40  3:13  Queen  
  40  3:15  Drone  
  40  3:19  Overlord  
  43  3:21  Drone  
  44  3:28  Overlord  
  44  3:38  Drone x4, Extractor  
  44  3:39  Extractor  
  44  3:41  Drone x2  
  48  3:44  Drone x2, Evolution Chamber  
  48  3:47  Evolution Chamber  
  48  3:50  Drone  
  48  3:53  Drone x2  
  48  3:55  Drone  
  52  3:57  Drone  
  53  4:03  Lair  
  53  4:04  Zergling x4  
  55  4:10  Zerg Ground Armor Level 1  
  55  4:15  Zerg Melee Weapons Level 1  
  55  4:16  Zergling x4  
  57  4:18  Zergling x2  
  57  4:19  Zergling x2  
  57  4:20  Zergling x2  
  57  4:24  Zergling x4  
  62  4:30  Drone x4  
  64  4:46  Zergling x2  
  62  4:54  Zergling x4  
  62  4:55  Zergling x4  
  62  4:56  Zergling x4  
  62  4:57  Zergling x2  
  62  5:03  Zergling x6  
  62  5:06  Zergling x8  
  59  5:33  Overlord x2  
  59  5:41  Overlord x2  
  54  5:51  Queen, Zergling x4  
  54  5:53  Zergling x4  
  60  5:58  Zergling x6  
  60  5:59  Zergling x2  
  60  6:00  Queen  
  66  6:10  Zerg Ground Armor Level 2  
  66  6:14  Zergling x4  
  65  6:21  Zergling x4  
  62  6:28  Zergling x2  
  62  6:31  Zergling x4  
  62  6:32  Zergling x4  
  63  6:34  Zergling x6  
  63  6:35  Zerg Melee Weapons Level 2  
  64  6:41  Zergling x2  
  64  6:42  Zergling x4  
  64  6:45  Overseer  
  62  6:49  Zergling x4  
  62  6:50  Zergling x2  
  65  6:58  Zergling x4  
  65  7:03  Zergling x4  
  65  7:04  Overlord  
  66  7:13  Overlord x3  
  61  7:15  Spire  
  61  7:22  Drone x3  
  62  7:25  Drone  
  62  7:26  Drone  
  62  7:28  Drone x2  
  62  7:29  Drone x2  
  68  7:31  Pneumatized Carapace  
  68  7:32  Drone  
  68  7:35  Extractor  
  68  7:38  Drone  
  68  7:41  Drone  
  68  7:43  Drone x4  
  74  7:46  Hatchery  
  74  7:47  Hatchery, Overlord x3  
  74  7:48  Drone  
  73  7:52  Drone  
  73  7:55  Drone  
  75  7:58  Zergling x2  
  75  8:04  Zergling x6  
  75  8:05  Zergling x2  
  76  8:06  Zergling x2  
  76  8:11  Zergling x6  
  78  8:15  Zergling x4  
  78  8:17  Zergling x2  
  81  8:20  Zergling x4  
  81  8:25  Zergling x2  
  81  8:26  Zergling x2  
  81  8:27  Zergling x4  
  86  8:28  Zergling x4  
  86  8:29  Zerg Flyer Weapons Level 1  
  89  8:41  Zergling x6  
  91  8:45  Hatchery, Zergling x4  
  91  8:46  Zergling x6  
  91  8:47  Zergling x2  
  97  8:49  Drone, Extractor  
  97  8:50  Extractor  
  97  8:53  Drone  
  97  8:58  Drone x4  
  97  9:00  Drone x2  
  101  9:03  Drone  
  101  9:04  Drone x2  
  101  9:07  Drone x2  
  101  9:08  Drone  
  101  9:09  Queen x2  
  107  9:14  Overlord x3  
  98  9:21  Overlord x2  
  98  9:23  Zergling x6  
  101  9:28  Zergling x2  
  101  9:29  Zergling x6  
  105  9:34  Baneling Nest  
  104  9:38  Infestation Pit  
  104  9:39  Zergling x6  
  106  9:48  Zergling x4  
  101  9:57  Zergling x12  
  101  9:58  Zergling x8  
  101  9:59  Zergling x4  
  107  10:01  Zergling x8  
  110  10:11  Zergling x6  
  110  10:12  Zergling x8  
  110  10:13  Overlord  
  110  10:14  Overlord  
  113  10:23  Overlord x2  
Show
View Real Time Build Order
Export as new Build Order

Thénosphère Protoss - Winner!

Build Orders: Dark Templar Rush 

Get SALT Encoding   

  12  0:01  Probe  
  13  0:13  Probe  
  14  0:18  Pylon  
  14  0:29  Probe  
  15  0:36  Assimilator  
  15  0:43  Gateway  
  15  0:54  Probe (Chrono Boost)  
  17  1:04  Probe (Chrono Boost)  
  17  1:09  Pylon  
  17  1:11  Probe  
  18  1:23  Probe  
  19  1:43  Probe (Chrono Boost)  
  20  1:47  Assimilator  
  20  1:48  Cybernetics Core  
  20  1:53  Probe (Chrono Boost), Zealot  
  23  1:58  Probe (Chrono Boost)  
  24  2:14  Probe  
  25  2:26  Probe  
  26  2:35  Twilight Council  
  26  2:38  Probe  
  26  2:45  Stalker (Chrono Boost)  
  28  3:07  Stalker  
  28  3:31  Dark Shrine  
  28  3:42  Robotics Facility, Stalker  
  28  3:44  Pylon  
  28  3:45  Gateway  
  30  4:05  Nexus  
  30  4:17  Zealot  
  30  4:19  Probe  
  33  4:30  Pylon  
  33  4:32  Gateway  
  33  4:33  Warp Gate (Chrono Boost)  
  33  4:39  Observer  
  32  5:06  Zealot (Chrono Boost)  
  32  5:13  Zealot (Chrono Boost)  
  30  5:23  Zealot (Chrono Boost)  
  30  5:25  Gateway  
  32  5:30  Stargate  
  34  5:38  Zealot (Chrono Boost)  
  34  5:45  Dark Templar (Chrono Boost)  
  38  5:59  Dark Templar (Chrono Boost)  
  38  6:04  Stalker  
  40  6:15  Void Ray (Chrono Boost)  
  36  6:41  Stalker x2  
  36  6:42  Dark Templar  
  43  7:09  Probe x2 (Chrono Boost)  
  40  7:18  Probe (Chrono Boost)  
  40  7:20  Probe (Chrono Boost)  
  40  7:22  Stalker  
  40  7:23  Stalker x3  
  40  7:24  Probe  
  40  7:29  Probe  
  50  7:35  Assimilator  
  50  7:36  Probe  
  51  7:38  Assimilator  
  51  7:39  Pylon  
  51  7:41  Probe  
  48  7:48  Probe  
  49  7:56  Stalker x3  
  49  7:57  Stalker  
  57  8:03  Void Ray  
  55  8:11  Probe (Chrono Boost)  
  61  8:20  Probe (Chrono Boost)  
  61  8:25  Probe (Chrono Boost)  
  61  8:28  Pylon  
  61  8:31  Observer  
  61  8:32  Gateway  
  63  8:36  Blink  
  63  8:37  Probe (Chrono Boost), Pylon  
  65  8:49  Probe (Chrono Boost)  
  65  8:52  Immortal  
  65  8:55  Probe (Chrono Boost), Forge  
  70  9:03  Probe  
  71  9:16  Probe  
  72  9:17  Robotics Bay  
  72  9:19  Pylon  
  72  9:27  Forge  
  56  10:07  Zealot x3  
  56  10:08  Stalker x2  
  72  10:35  Nexus  
  72  10:43  Pylon  
Show
View Real Time Build Order
Export as new Build Order

qqq Zerg 

Build Orders: Hatch First 

Get SALT Encoding   

  12  0:02  Drone  
  13  0:09  Drone  
  14  0:18  Overlord  
  14  0:44  Hatchery  
  14  1:04  Drone x3  
  14  1:11  Extractor  
  15  1:18  Spawning Pool  
  14  1:28  Drone  
  14  1:29  Drone  
  16  1:38  Drone  
  17  1:48  Drone  
  18  2:00  Drone  
  19  2:01  Drone  
  20  2:13  Queen  
  20  2:15  Queen  
  24  2:16  Drone  
  24  2:19  Drone  
  26  2:24  Metabolic Boost  
  26  2:32  Overlord  
  26  2:41  Drone x2  
  28  2:45  Overlord  
  28  2:50  Zergling x2  
  29  2:52  Drone x2  
  29  2:58  Zergling x2  
  32  3:03  Zergling x2, Baneling Nest  
  32  3:06  Zergling x2  
  33  3:14  Overlord  
  33  3:16  Zergling x2  
  34  3:24  Zergling x4  
  34  3:25  Zergling x4  
  34  3:26  Zergling x2  
  40  3:41  Drone, Zergling x2  
  40  3:42  Zergling x4  
  40  3:48  Baneling x3  
  43  3:53  Zergling x2  
  43  3:54  Zergling x2  
  45  4:03  Zergling x4  
  45  4:05  Zergling x8  
  45  4:08  Lair  
  50  4:11  Baneling  
  50  4:12  Baneling x2  
  50  4:17  Zergling x4  
  50  4:19  Overlord  
  52  4:35  Baneling  
  52  4:36  Overlord  
  52  4:37  Drone  
  52  4:38  Zergling x4  
  53  4:59  Zergling x4  
  49  5:00  Zergling x8  
  46  5:21  Baneling  
  44  5:22  Zergling x8  
  44  5:23  Zergling x6  
  47  5:33  Baneling x3  
  46  5:39  Zergling x4  
  46  5:40  Zergling x4  
  44  5:53  Baneling x4  
  44  5:54  Zergling x4  
  45  6:05  Baneling  
  45  6:06  Baneling  
  45  6:07  Zergling x2  
  45  6:08  Zergling x2  
  45  6:11  Drone  
  47  6:12  Hatchery  
  45  6:20  Hatchery  
  33  6:35  Baneling x2  
  33  6:37  Baneling x2, Zergling x2  
  33  6:38  Zergling x8  
  33  6:39  Zergling x4  
  40  6:44  Zergling x6  
  40  6:45  Zergling x2  
  44  6:50  Baneling  
  44  6:58  Zergling x2  
  44  6:59  Zergling x6  
  47  7:03  Baneling x2  
  47  7:20  Drone, Extractor  
  47  7:21  Drone x2  
  47  7:22  Drone x2  
  51  7:23  Overseer  
  51  7:30  Spore Crawler  
  51  7:32  Spore Crawler  
  51  7:35  Drone x2  
  51  7:36  Drone x2  
  51  7:37  Queen  
  53  7:39  Queen  
  53  7:40  Drone  
  58  7:45  Spine Crawler  
  57  7:53  Drone  
  57  7:54  Spine Crawler  
  57  7:55  Drone  
  48  8:07  Zergling x2  
  48  8:08  Zergling x10  
  46  8:14  Spine Crawler  
  46  8:16  Zergling x2  
  46  8:17  Zergling x2  
  47  8:28  Baneling x7  
  47  8:29  Baneling x3  
  47  8:30  Zergling x2  
  47  8:31  Zergling x2  
  47  8:33  Drone  
  50  8:38  Drone x2  
  50  8:40  Drone  
  53  8:46  Zergling x4  
  53  8:47  Drone  
  56  8:55  Spine Crawler  
  55  9:03  Drone x4, Hydralisk Den  
  50  9:20  Zergling x2  
  50  9:21  Zergling x10  
  50  9:23  Zergling x2  
  48  9:25  Drone  
  48  9:28  Drone x2  
  48  9:29  Drone x3  
  52  9:32  Drone  
  52  9:33  Drone  
  54  9:43  Evolution Chamber  
  53  9:46  Evolution Chamber  
  53  9:47  Zergling x4  
  53  9:50  Drone x2  
  56  9:55  Hydralisk  
  56  9:57  Hydralisk  
  56  9:59  Drone  
  60  10:02  Hydralisk  
  55  10:25  Extractor  
  55  10:26  Extractor  
Show
View Real Time Build Order
Export as new Build Order

Massa Terran 

Build Orders:  

Get SALT Encoding   

  12  0:00  SCV  
  13  0:12  SCV  
  14  0:17  Supply Depot  
  14  0:24  SCV  
  15  0:30  Refinery  
  15  0:40  Barracks  
  15  0:44  SCV  
  16  0:56  SCV  
  17  1:07  Barracks  
  17  1:08  SCV  
  18  1:20  SCV  
  19  1:28  Supply Depot  
  19  1:30  Reaper  
  19  1:32  SCV  
  21  1:44  Orbital Command  
  21  1:54  Reaper  
  22  2:07  Barracks Reactor  
  22  2:13  SCV  
  23  2:59  Command Center  
  22  3:25  SCV  
  23  3:29  Engineering Bay  
  23  3:31  Barracks Tech Lab  
  23  3:35  Marine x2  
  23  3:37  SCV  
  23  3:40  Factory  
  26  3:43  Barracks  
  26  3:47  Barracks  
  26  3:51  SCV, Factory  
  26  3:53  Marine  
  28  4:01  Marauder, Marine  
  28  4:02  Stimpack  
  31  4:08  Supply Depot  
  31  4:10  Missile Turret  
  31  4:11  SCV  
  31  4:14  Supply Depot  
  31  4:16  Supply Depot  
  32  4:19  Supply Depot  
  32  4:21  Orbital Command  
  32  4:23  SCV  
  33  4:26  Factory Tech Lab  
  33  4:29  Marine x2  
  35  4:32  Barracks Tech Lab  
  35  4:34  Factory Tech Lab  
  35  4:38  Barracks Tech Lab  
  35  4:45  Refinery  
  35  4:49  Refinery  
  35  4:50  Marauder, Marine x2  
  41  5:00  Widow Mine  
  41  5:06  SCV x2  
  43  5:22  Widow Mine x2  
  43  5:26  Refinery  
  47  5:44  Widow Mine  
  49  5:52  Marauder x3, Marine x2  
  57  6:10  Marine x2  
  59  6:13  Marauder x2, Marine  
  64  6:18  Siege Tank  
  67  6:28  Marine x2  
  67  6:31  Marauder  
  71  6:35  Marauder x2  
  73  6:46  Marine  
  61  6:50  Terran Infantry Weapons Level 1  
  61  6:51  Armory  
  63  6:54  Marine, Marauder, Engineering Bay  
  63  6:56  Marauder x2  
  52  7:42  Concussive Shells  
  52  7:43  Combat Shield  
  51  8:02  Missile Turret  
  51  8:15  Missile Turret  
  51  8:16  Terran Infantry Armor Level 1  
  51  8:23  Command Center  
  51  8:24  Starport  
  51  8:26  SCV x2  
  51  8:27  Supply Depot  
  53  8:36  Marauder x2, Marine  
  53  8:38  SCV x2  
  53  8:39  Widow Mine  
  62  8:43  Widow Mine  
  64  8:50  SCV x2  
  66  8:59  Marauder, Missile Turret  
  66  9:00  Marauder  
  66  9:02  SCV x2  
  70  9:16  Marauder, Marine x2  
  74  9:21  Marauder x2  
  78  9:33  Marine  
  78  9:37  Marauder  
  78  9:38  Marine  
  79  9:42  Marauder x2  
  73  9:51  Marine  
  62  9:56  Marine  
  62  9:58  Marauder  
  62  9:59  Siege Tank x2  
  55  10:04  Marauder x2  
  56  10:09  Marine  
  56  10:13  Marine  
  54  10:20  Marauder  
Tags
 
Add a new tag
Caveats
  • Supply blocks, unpowered buildings, or Contaminate may cause inaccurate times.
  • Supply counts are checked every 10 seconds.